 Dungeon Crawl Stone Soup version 0.31-a0-851-g7ff8af7976 (webtiles) character file.

Game seed: 2239891776456684664

92254 GigaChad the Severer (level 16, 0/127 HPs) *EXPLORE*
             Began as a Formicid Fighter on Oct 4, 2023.
             Slain by a harpy (8 damage)
             ... on level 3 of the Shoals on Oct 5, 2023.
             The game lasted 00:35:53 (27203 turns).

GigaChad the Severer (Formicid Fighter)            Turns: 27203, Time: 00:35:54

Health: 0/127      AC: 21    Str: 29    XL:     16   Next: 53%
Magic:  28/28      EV: 13    Int:  8    God:
Gold:   2946       SH:  7    Dex: 13    Spells: 31/31 levels left

rFire   . . .        s - +2 battleaxe
rCold   + . .        c - +0 buckler
rNeg    . . .        L - +1 plate armour {rC+}
rPois   .            (helmet unavailable)
rElec   .            (no cloak)
rCorr   .            (no gloves)
SInv    +            (no boots)
Will    +....        (no amulet) Stlth
                     P - +4 ring of protection
HPRegen 0.41/turn    E - +5 ring of evasion
MPRegen 0.21/turn

%: no passive effects
@: lethally poisoned (0 -> -37)
A: permanent stasis, dig shafts and tunnels, antennae 3, four strong arms
a: Dig, Shaft Self


You were on level 3 of the Shoals.
You visited 5 branches of the dungeon, and saw 22 of its levels.

You collected 2946 gold pieces.

Inventory:

Hand Weapons
 a - a +2 war axe of flaming
 s - a +2 battleaxe (weapon)
 M - a +3 double sword of draining
 V - the +3 flail "Botoudgh" {flame, *Rage rN+ Int+2}
   (You found it on level 4 of the Lair of Beasts)

   Int+2:     It affects your intelligence (+2).
   rN+:       It protects you from negative energy.
   *Rage:     It berserks you when you make melee attacks (+20% chance).
Missiles
 j - 2 throwing nets
Armour
 c - a +0 buckler (worn)
 L - a +1 plate armour of cold resistance (worn)
Jewellery
 y - an amulet of the acrobat
 A - a ring of positive energy
 B - an amulet of faith
 D - an amulet of magic regeneration
 E - a +5 ring of evasion (right hand)
 J - an amulet of guardian spirit
 K - a +5 ring of evasion
 P - a +4 ring of protection (left hand)
 W - a ring of protection from cold
 Y - a ring of positive energy
Talismans
 r - a maw talisman
 t - a beast talisman
 w - a serpent talisman
 I - a flux talisman
Wands
 l - a wand of polymorph (6)
 q - a wand of roots (12)
 v - a wand of paralysis (12)
 G - a wand of flame (37)
 H - a wand of digging (11)
 S - a wand of quicksilver (4)
 Z - a wand of mindburst (7)
Scrolls
 g - 4 scrolls of vulnerability
 h - 4 scrolls of poison
 k - 14 scrolls of teleportation
 o - 6 scrolls of fear
 N - a scroll of noise
 O - a scroll of fog
 T - 2 scrolls of silence
 U - a scroll of butterflies {unknown}
 X - 3 scrolls of identify
Potions
 b - 13 potions of curing
 d - 6 potions of might
 e - 3 potions of brilliance
 f - 3 potions of resistance
 i - 6 potions of heal wounds
 m - a potion of invisibility {unknown}
 n - 3 potions of magic {unknown}
 p - 3 potions of degeneration {unknown}
 u - 3 potions of haste {unknown}
 x - a potion of attraction {unknown}
 z - a potion of cancellation {unknown}
 C - 5 potions of lignification {unknown}
 F - a potion of ambrosia {unknown}
 Q - a potion of enlightenment {unknown}
 R - 4 potions of mutation {unknown}


   Skills:
 * Level 11.8 Fighting
 * Level 6.0 Long Blades
 * Level 15.7 Axes
 * Level 8.6 Throwing
 * Level 13.7 Armour
 - Level 0.4 Dodging
 * Level 10.8 Stealth
 * Level 11.9 Shields
 * Level 8.2 Spellcasting


You had 31 spell levels left.
You didn't know any spells.
Your spell library contained the following spells:

 Spells                   Type           Power      Damage    Failure   Level
 Apportation              Tloc           6%         N/A       78%         1
 Magic Dart               Conj           12%        1d3       78%         1
 Sandblast                Erth           6%         2d5       78%         1
 Slow                     Hex            12%        N/A       78%         1
 Cigotuvi's Dreadful Rot  Necr/Pois/Air  6%         N/A       89%         2
 Jinxbite                 Hex            6%         N/A       89%         2
 Lesser Beckoning         Tloc           6%         N/A       89%         2
 Momentum Strike          Conj/Tloc      6%         3d8       89%         2
 Passwall                 Tmut/Erth      2%         N/A       89%         2
 Searing Ray              Conj           6%         2d4       89%         2
 Wereblood                Tmut           3%         N/A       89%         2
 Call Canine Familiar     Summ           3%         N/A       98%         3
 Confusing Touch          Hex            3%         N/A       98%         3
 Dazzling Flash           Conj/Hex       6%         N/A       98%         3
 Ignite Poison            Fire/Tmut/Pois 3%         N/A       98%         3
 Sigil of Binding         Hex            3%         N/A       98%         3
 Stone Arrow              Conj/Erth      6%         3d7       98%         3
 Vampiric Draining        Necr           3%         2d6       98%         3
 Volatile Blastmotes      Fire/Tloc      6%         2d10      98%         3
 Animate Armour           Summ/Erth      6%         N/A       100%        4
 Animate Dead             Necr           3%         N/A       100%        4
 Brom's Barrelling Bould  Conj/Erth      3%         2d3       100%        4
 Dimensional Bullseye     Hex/Tloc       1%         N/A       100%        4
 Fulminant Prism          Conj/Hex       1%         3d5       100%        4
 Leda's Liquefaction      Hex/Erth       1%         N/A       100%        4
 Petrify                  Tmut/Erth      3%         N/A       100%        4
 Summon Lightning Spire   Summ/Air       3%         N/A       100%        4
 Agony                    Necr           3%         N/A       100%        5
 Alistair's Intoxication  Tmut/Pois      2%         N/A       100%        5
 Borgnjor's Vile Clutch   Necr/Erth      1%         N/A       100%        5
 Freezing Cloud           Conj/Ice/Air   1%         6-21      100%        5
 Lee's Rapid Deconstruct  Erth           1%         3d4*      100%        5
 Silence                  Hex/Air        1%         N/A       100%        5
 Death Channel            Necr           1%         N/A       100%        6
 Starburst                Conj/Fire      1%         6d3       100%        6
 Maxwell's Capacitive Co  Air            1%         ∞         100%        8
 Blink                    Tloc           Unusable   N/A       N/A         2

Dungeon Overview and Level Annotations

Branches:
Dungeon (11/15)            Temple (1/1) D:4            Lair (5/5) D:11
 Shoals (3/4) Lair:3       Spider (0/4) Lair:3        Slime (0/5) Lair:5
    Orc (2/2) D:9             Elf (0/3) Orc:2

Altars:
Ashenzari
Cheibriados
Dithmenos
Elyvilon
Fedhas
Hepliaklqana
Kikubaaqudgha
Makhleb
Nemelex Xobeh
Okawaru
Qazlal
Ru
Sif Muna
Trog
Uskayaw
Vehumet
Wu Jian
Xom
Yredelemnul
Zin
The Shining One

Shops:
D:11 *   Orc:1 =   Orc:2 =(*![   Shoals:2 *   Shoals:3 [

Annotations:
Lair:1 exclusion: oklob plant
Shoals:1 exclusion: oklob plant


Innate Abilities, Weirdness & Mutations

You cannot be hasted, slowed, berserked, paralysed or teleported.
You can dig through walls and to a lower floor.
You have a pair of large antennae on your head. (SInv)
Your four strong arms can wield two-handed weapons with a shield.


Message History

You slice the harpy!!
You feel very sick. The harpy barely misses you.
The harpy claws you but does no damage. The harpy claws you.
The harpy misses you.
The sea snake bites you but does no damage.
The harpy claws you! x2
Unknown command.
You hit the harpy but do no damage.
The harpy is almost dead.
You slice the harpy!!
You kill the harpy!
You barely miss the sea snake.
You feel very sick.
The harpy claws you but does no damage. x3; The harpy claws you.
* * * LOW HITPOINT WARNING * * *
The sea snake bites you but does no damage.
The harpy misses you. The harpy claws you but does no damage.
The harpy claws you.
* * * LOW HITPOINT WARNING * * *
The harpy claws you.
* * * LOW HITPOINT WARNING * * *
Your Long Blades skill increases to level 6!
You closely miss the harpy.
The harpy is almost dead.
You miss the sea snake. You hit the harpy but do no damage.
You feel very sick. The sea snake bites you.
* * * LOW HITPOINT WARNING * * *
You are lethally poisoned!
The sea snake poisons you!
The harpy claws you but does no damage. x2
The harpy closely misses you. The harpy claws you.
* * * LOW HITPOINT WARNING * * *
You block the sea snake's attack.
You barely miss the harpy.
The harpy is almost dead.
You hit the harpy. You closely miss the sea snake.
* * * LOW HITPOINT WARNING * * *
You feel extremely sick. The harpy claws you!
You die...

≈≈≈~~~.†....~≈≈≈≈~~.#
#.
≈≈≈~~~~..###.~≈≈≈~~.#
≈≈≈≈~~~..# ##..≈~~.##
≈≈≈≈≈~~~.## #..~~~..#
≈≈≈≈≈~~~..####..~~~~.#
≈≈≈≈≈≈~~...##...~~~~..
≈≈≈≈≈≈~~....†.~~~≈~~~.
≈≈≈≈≈~~.###HS~~~~≈~~~.
≈≈≈≈~~. #@H~~~≈≈~~~H
≈≈≈≈~~. #..~≈≈≈≈≈~~~
≈≈≈≈~~~ ..~~≈≈≈≈≈~~~~
≈≈≈≈~~~ ~~~~~≈≈≈≈≈≈~~~
≈≈≈≈≈~~~~~~~≈≈≈≈≈≈≈≈H
≈≈≈≈≈≈≈~~~~≈≈≈≈≈≈≈≈≈
≈≈≈≈≈≈≈≈≈≈≈≈≈
≈≈≈≈≈≈≈≈≈≈≈≈≈≈


You could see a sea snake and 2 harpies.

Vanquished Creatures
  Josephine (Shoals:1)
  4 hydras
  3 catoblepae (Lair:5)
  A merfolk aquamancer (Shoals:2)
  A boulder beetle (Lair:4)
  A merfolk avatar (Shoals:3)
  4 two-headed ogres
  Urug (Orc:2)
  28 death yaks
  3 orc high priests
  Sonja (Lair:3)
  3 skysharks
  6 sea snakes
  22 harpies
  An orc knight (Orc:1)
  4 orc sorcerers (Orc:2)
  2 cyclopes
  7 manticores
  5 black mambas
  9 elephants (Lair:4)
  3 merfolk sirens
  3 water nymphs
  13 cane toads
  12 komodo dragons
  4 rime drakes
  14 merfolk
  2 trolls
  6 wind drakes
  4 polar bears
  6 snapping turtles
  4 dream sheep (Shoals:3)
  8 blink frogs
  2 shadows (D:9)
  44 yaks
  3 wyverns (Lair:3)
  A vampire (D:11)
  2 water elementals
  5 wraiths
  4 basilisks
  A steam dragon (Lair:3)
  3 wargs
  An acid dragon (D:10)
  16 water moccasins
  20 orc warriors
  A sky beast (D:8)
  An ice beast (D:5)
  2 black bears
  9 ogres
  17 wolves
  9 centaurs
  A phantom (D:6)
  A kobold brigand (D:7)
  19 bullfrogs
  A gnoll sergeant (D:5)
  2 scorpions
  9 wights
  2 troll zombies (D:9)
  10 killer bees
  3 vampire bats (Lair:5)
  2 howler monkeys
  5 electric eels
  2 hounds
  6 jellies
  25 orc priests
  A sleepcap (D:6)
  2 gnoll boudas
  2 iguanas
  A scorpion zombie (D:3)
  34 orc wizards
  6 ogre zombies (D:9)
  9 gnolls
  3 river rats (Lair:3)
  6 adders
  A shadow imp (D:6)
  3 white imps
  An adder zombie (D:3)
  3 worms
  2 dart slugs
  70 orcs
  11 ball pythons
  11 bats
  5 endoplasms
  4 giant cockroaches
  4 goblins
  7 hobgoblins
  3 jackals (D:2)
  5 quokkas
  4 frilled lizards
  3 goblin skeletons (D:9)
  4 hobgoblin zombies (D:9)
  9 kobolds
  3 orc skeletons (D:9)
  15 orc zombies (D:9)
  6 rats
653 creatures vanquished.

Vanquished Creatures (others)
  A satyr (Shoals:2)
  A sea snake (Shoals:2)
  A water elemental (Shoals:2)
  An orc (Orc:2)
  A bat (Lair:5)
5 creatures vanquished.

Grand Total: 658 creatures vanquished

Notes
Turn   | Place    | Note
-------+----------+-------------------------------------------
     0 | D:1      | GigaChad the Formicid Fighter began the quest for the Orb.
     0 | D:1      | Reached XP level 1. HP: 18/18 MP: 1/1
    57 | D:1      | Upgraded the game from 0.31-a0-848-gaac375c287 to
                  | 0.31-a0-851-g7ff8af7976
    57 | D:1      | Entered explore mode.
    94 | D:1      | Reached XP level 2. HP: 24/24 MP: 2/2
   602 | D:1      | Reached XP level 3. HP: 29/29 MP: 3/3
   833 | D:2      | Reached XP level 4. HP: 17/37 MP: 4/4
   851 | D:2      | Slain by an orc
                  | ... wielding a +0 flail
                  | (7 damage)
   916 | D:2      | Reached skill level 3 in Axes
  1313 | D:2      | Reached XP level 5. HP: 42/42 MP: 5/5
  1896 | D:3      | Identified a scroll of acquirement
  1896 | D:3      | Acquired 476 gold pieces
  2337 | D:3      | Reached skill level 1 in Stealth
  2366 | D:3      | Found a basalt altar of Yredelemnul.
  2707 | D:4      | Reached XP level 6. HP: 40/48 MP: 6/6
  2756 | D:4      | Reached skill level 4 in Axes
  2943 | D:4      | Found a radiant altar of Vehumet.
  2944 | D:4      | Found a shimmering altar of Xom.
  3125 | D:4      | Found a staircase to the Ecumenical Temple.
  3169 | D:4      | Noticed an ogre
  3177 | D:4      | Mangled by an ogre
                  | ... wielding a +0 giant spiked club
                  | (22 damage)
  3178 | D:4      | Killed an ogre
  3179 | D:4      | Reached skill level 1 in Throwing
  3179 | D:4      | Reached skill level 1 in Spellcasting
  3853 | Temple   | Entered the Ecumenical Temple
  3901 | D:5      | Entered Level 5 of the Dungeon
  3916 | D:5      | Found a snail-covered altar of Cheibriados.
  4081 | D:5      | Reached skill level 5 in Shields
  4081 | D:5      | Reached XP level 7. HP: 44/54 MP: 8/8
  4361 | D:5      | Reached skill level 5 in Axes
  4361 | D:5      | Reached skill level 5 in Armour
  4640 | D:5      | Succumbed to a gnoll sergeant's poison
  4643 | D:5      | Reached XP level 8. HP: 47/61 MP: 10/10
  5116 | D:6      | Splashed by a jelly's acid (4 damage)
  5132 | D:6      | HP: 2/58 [orc/+0 mace (3)]
  5133 | D:6      | Splashed by a jelly's acid (4 damage)
  5143 | D:6      | HP: 1/55 [wight/+0 halberd (5)]
  5143 | D:6      | Slain by a wight
                  | ... wielding a +0 halberd
                  | (2 damage)
  5147 | D:6      | Reached skill level 6 in Axes
  5346 | D:6      | Slain by a wight
                  | ... wielding a +4 scimitar of freezing
                  | (7 damage)
  5853 | D:7      | Got a leatherbound book
  5887 | D:7      | Reached XP level 9. HP: 48/64 MP: 12/12
  5929 | D:7      | Reached skill level 5 in Fighting
  6629 | D:7      | Got an unusual book
  6795 | D:8      | Reached skill level 7 in Axes
  6949 | D:8      | Slain by a wight
                  | ... wielding a +3 flail
                  | (8 damage)
  7443 | D:9      | Found a burning altar of Makhleb.
  7481 | D:9      | HP: 3/69 [poisoned by a killer bee]
  7481 | D:9      | Slain by a killer bee (4 damage)
  7483 | D:9      | Reached skill level 8 in Axes
  7484 | D:9      | Reached XP level 10. HP: 61/76 MP: 14/14
  7814 | D:9      | HP: 1/76 [electric eel/bolt of electricity (5)]
  7815 | D:9      | Killed from afar by an electric eel (10 damage)
                  | ... with a bolt of electricity
  7827 | D:9      | Killed from afar by an electric eel (4 damage)
                  | ... with a bolt of electricity
                  | ... while petrified by a basilisk
  7839 | D:9      | Reached skill level 5 in Stealth
  8151 | D:9      | Found a blossoming altar of Fedhas.
  8164 | D:9      | Found a stormy altar of Qazlal.
  8316 | D:9      | Found a staircase to the Orcish Mines.
  8331 | D:9      | HP: 1/76 [troll zombie (7)]
  8341 | D:9      | Mangled by an ogre zombie (10 damage)
  8935 | D:10     | Entered Level 10 of the Dungeon
  9062 | D:10     | Noticed a two-headed ogre
  9070 | D:10     | Killed a two-headed ogre
  9071 | D:10     | Reached skill level 9 in Axes
  9597 | D:10     | Noticed a two-headed ogre
  9606 | D:10     | Killed a two-headed ogre
  9607 | D:10     | Reached XP level 11. HP: 23/83 MP: 17/17
 10291 | D:11     | Noticed a two-headed ogre
 10301 | D:11     | Killed a two-headed ogre
 10302 | D:11     | Reached skill level 10 in Axes
 10310 | D:11     | Noticed a cyclops
 10330 | D:11     | HP: 1/84 [cyclops (15)]
 10331 | D:11     | Killed a cyclops
 10584 | Orc:1    | Entered Level 1 of the Orcish Mines
 10689 | Orc:1    | Found Taojaj's Jewellery Boutique.
 10918 | Orc:1    | Noticed an orc knight
 10927 | Orc:1    | HP: 3/84 [orc knight/+0 dire flail (9)]
 10927 | Orc:1    | Slain by an orc warrior
                  | ... wielding a +0 dire flail
                  | ... led by an orc knight
                  | (8 damage)
 10931 | Orc:1    | Slain by an orc warrior
                  | ... wielding a +0 dire flail
                  | ... led by an orc knight
                  | (20 damage)
 10938 | Orc:1    | HP: 1/84 [orc knight/+0 dire flail (8)]
 10939 | Orc:1    | Mangled by an orc knight
                  | ... wielding a +0 dire flail
                  | (7 damage)
 10945 | Orc:1    | Killed an orc knight
 10946 | Orc:1    | Reached skill level 5 in Throwing
 11267 | Orc:1    | Slain by an orc warrior
                  | ... wielding a +0 trident
                  | (11 damage)
 11368 | Orc:1    | Noticed an orc high priest
 11380 | Orc:1    | Mangled by a chaos spawn (12 damage)
                  | ... summoned by an orc high priest
 11388 | Orc:1    | Slain by an orc high priest
                  | ... wielding a +0 flail
                  | (8 damage)
 11397 | Orc:1    | HP: 1/84 [orc high priest/+0 flail (8)]
 11398 | Orc:1    | Mangled by an orc high priest
                  | ... wielding a +0 flail
                  | (9 damage)
 11407 | Orc:1    | Noticed a soul eater
 11407 | Orc:1    | Killed an orc high priest
 11408 | Orc:1    | Reached skill level 5 in Spellcasting
 11673 | Orc:2    | Entered Level 2 of the Orcish Mines
 11789 | Orc:2    | Reached XP level 12. HP: 24/91 MP: 19/19
 11796 | Orc:2    | HP: 1/92 [orc warrior/+0 war axe (9)]
 11797 | Orc:2    | Slain by an orc warrior
                  | ... wielding a +0 war axe
                  | (6 damage)
 11819 | Orc:2    | Reached skill level 11 in Axes
 11832 | Orc:2    | Mangled by an orc warrior
                  | ... wielding a +0 glaive
                  | (12 damage)
 11898 | Orc:2    | Found Kietsot's General Store.
 11900 | Orc:2    | Noticed an orc high priest
 11901 | Orc:2    | HP: 2/92 [orc warrior/+0 halberd (10)]
 11902 | Orc:2    | Killed by divine providence
                  | ... invoked by an orc priest
                  | (12 damage)
 11908 | Orc:2    | HP: 4/92 [ice devil[an orc sorcerer] (6)]
 11908 | Orc:2    | Mangled by an ice devil (10 damage)
                  | ... summoned by an orc sorcerer
 11911 | Orc:2    | Noticed a sun demon
 11914 | Orc:2    | HP: 4/92 [ice devil[an orc sorcerer] (6)]
 11914 | Orc:2    | Mangled by an ice devil (11 damage)
                  | ... summoned by an orc sorcerer
 11917 | Orc:2    | Mangled by a sun demon (18 damage)
                  | ... summoned by an orc sorcerer
 11920 | Orc:2    | Slain by an orc sorcerer
                  | ... wielding a +0 dagger
                  | (6 damage)
 11924 | Orc:2    | Mangled by a hellwing (15 damage)
                  | ... summoned by an orc high priest
 11927 | Orc:2    | HP: 4/92 [rust devil[an orc high priest] (9)]
 11928 | Orc:2    | HP: 1/92 [orc sorcerer/+0 dagger (3)]
 11928 | Orc:2    | Killed by divine providence
                  | ... invoked by an orc priest
                  | (12 damage)
 11931 | Orc:2    | Mangled by a rust devil (10 damage)
                  | ... summoned by an orc high priest
 11935 | Orc:2    | Slain by an orc sorcerer
                  | ... wielding a +0 dagger
                  | (6 damage)
 11940 | Orc:2    | Killed from afar by an orc sorcerer (19 damage)
                  | ... with a bolt of fire
 11945 | Orc:2    | HP: 4/92 [orc priest/divine providence (17)]
 11945 | Orc:2    | Killed from afar by an orc sorcerer (46 damage)
                  | ... with a bolt of negative energy
 11948 | Orc:2    | Mangled by an orc warrior
                  | ... wielding a +0 halberd
                  | (15 damage)
 11951 | Orc:2    | Killed from afar by an orc sorcerer (31 damage)
                  | ... with a bolt of fire
 11953 | Orc:2    | Noticed a sun demon
 11953 | Orc:2    | Slain by an orc warrior
                  | ... wielding a +0 long sword
                  | (14 damage)
 11956 | Orc:2    | Mangled by an orc warrior
                  | ... wielding a +0 halberd
                  | (16 damage)
 11960 | Orc:2    | Killed by divine providence
                  | ... invoked by an orc high priest
                  | (13 damage)
 11961 | Orc:2    | Killed by an exploding orc wizard (41 damage)
                  | ... ignited by their inner flame
 11961 | Orc:2    | Killed an orc high priest
 11962 | Orc:2    | Reached skill level 10 in Armour
 11962 | Orc:2    | Engulfed by a cloud of flame (23 damage)
 11967 | Orc:2    | Engulfed by a cloud of flame (30 damage)
 11971 | Orc:2    | Engulfed by a cloud of flame (23 damage)
 11982 | Orc:2    | Killed by divine providence
                  | ... invoked by an orc priest
                  | (11 damage)
 11995 | Orc:2    | Slain by an orc priest
                  | ... wielding a +0 flail
                  | (12 damage)
 12004 | Orc:2    | Found Beiral's Weapon Shop.
 12005 | Orc:2    | Found Zet Tuske's Distillery.
 12043 | Orc:2    | Found Ihisinypp's Antique Armour Boutique.
 12315 | Orc:2    | Noticed Urug
 12315 | Orc:2    | Noticed an orc high priest
 12316 | Orc:2    | Noticed a sixfirhy
 12323 | Orc:2    | Slain by Urug
                  | ... wielding a +3 double sword of draining
                  | (17 damage)
 12328 | Orc:2    | HP: 1/85 [Urug/+3 double sword of draining (21)]
 12328 | Orc:2    | Mangled by Urug
                  | ... wielding a +3 double sword of draining
                  | (10 damage)
 12333 | Orc:2    | Killed from afar by a smoke demon (17 damage)
                  | ... with a ball of steam
                  | ... summoned by an orc high priest
 12335 | Orc:2    | Slain by Urug
                  | ... wielding a +3 double sword of draining
                  | (4 damage)
 12340 | Orc:2    | Killed Urug
 12340 | Orc:2    | Slain by an orc high priest
                  | ... wielding a +0 war axe
                  | (9 damage)
 12343 | Orc:2    | HP: 3/77 [sixfirhy[an orc high priest] (10)]
 12343 | Orc:2    | Mangled by a sixfirhy (12 damage)
                  | ... summoned by an orc high priest
 12348 | Orc:2    | Noticed a soul eater
 12352 | Orc:2    | Killed an orc high priest
 12596 | Orc:2    | Found a staircase to the Elven Halls.
 12601 | Orc:2    | Found Hael's Jewellery Boutique.
 13231 | D:11     | HP: 4/85 [centaur (4)]
 13234 | D:11     | Slain by a centaur (5 damage)
 13303 | D:11     | Found a staircase to the Lair.
 13435 | D:11     | Noticed a two-headed ogre
 13442 | D:11     | Killed a two-headed ogre
 13591 | D:11     | Found Giun's General Store.
 13790 | Lair:1   | Entered Level 1 of the Lair of Beasts
 13817 | Lair:1   | Found a blossoming altar of Fedhas.
 13971 | Lair:1   | HP: 3/93 [poisoned by a cane toad]
 13971 | Lair:1   | Demolished by a cane toad (17 damage)
 13991 | Lair:1   | HP: 4/94 [poisoned by a cane toad]
 14357 | Lair:1   | Reached skill level 1 in Long Blades
 14369 | Lair:1   | HP: 1/94 [wolf (6)]
 14369 | Lair:1   | Slain by a wolf (2 damage)
 14372 | Lair:1   | Reached XP level 13. HP: 91/99 MP: 21/21
 14561 | Lair:1   | HP: 4/100 [poisoned by a cane toad]
 14563 | Lair:1   | HP: 1/100 [poisoned by a cane toad]
 14564 | Lair:1   | Succumbed to a cane toad's poison
 14567 | Lair:1   | Reached skill level 12 in Axes
 15471 | Lair:2   | Mangled by a black mamba (12 damage)
 15484 | Lair:2   | HP: 1/101 [black mamba (11)]
 15484 | Lair:2   | Slain by a cane toad (3 damage)
 15495 | Lair:2   | Killed from afar by a rime drake (16 damage)
                  | ... with an icy flash freeze
 16475 | Lair:3   | Noticed Sonja
 16510 | Lair:3   | Killed Sonja
 16563 | Lair:3   | Slain by a death yak (12 damage)
 16568 | Lair:3   | Mangled by a death yak (17 damage)
 16573 | Lair:3   | Slain by a death yak (16 damage)
 16580 | Lair:3   | Slain by a death yak (13 damage)
 16584 | Lair:3   | Slain by a death yak (19 damage)
 16663 | Lair:3   | HP: 3/83 [poisoned by a cane toad]
 16664 | Lair:3   | HP: 1/86 [poisoned by a cane toad]
 16665 | Lair:3   | Succumbed to a cane toad's poison
 16703 | Lair:3   | Reached skill level 13 in Axes
 16838 | Lair:3   | Noticed a five-headed hydra
 16849 | Lair:3   | Slain by an eight-headed hydra (13 damage)
 16853 | Lair:3   | HP: 2/90 [11-headed hydra (5)]
 16853 | Lair:3   | Slain by an 11-headed hydra (4 damage)
 16858 | Lair:3   | HP: 4/90 [13-headed hydra (12)]
 16859 | Lair:3   | HP: 1/90 [13-headed hydra (3)]
 16859 | Lair:3   | Slain by a 13-headed hydra (4 damage)
 16864 | Lair:3   | HP: 3/90 [18-headed hydra (12)]
 16864 | Lair:3   | Mangled by an 18-headed hydra (12 damage)
 16868 | Lair:3   | Killed a 15-headed hydra
 17136 | Lair:3   | Reached skill level 10 in Shields
 17389 | Lair:3   | HP: 2/98 [electric eel/bolt of electricity (11)]
 17391 | Lair:3   | Killed from afar by an electric eel (4 damage)
                  | ... with a bolt of electricity
 17510 | Lair:3   | Reached XP level 14. HP: 81/106 MP: 23/23
 17717 | Lair:3   | Found a hole to the Spider Nest.
 17904 | Lair:3   | Found a staircase to the Shoals.
 18243 | Lair:4   | HP: 1/109 [elephant (13)]
 18243 | Lair:4   | Slain by an elephant (4 damage)
 18353 | Lair:4   | HP: 2/109 [11-headed hydra (8)]
 18353 | Lair:4   | Demolished by a boulder beetle (16 damage)
 18358 | Lair:4   | HP: 5/109 [eight-headed hydra (4)]
 18358 | Lair:4   | Slain by a skyshark (5 damage)
 18361 | Lair:4   | HP: 2/109 [seven-headed hydra (5)]
 18362 | Lair:4   | Mangled by a skyshark (13 damage)
 18413 | Lair:4   | Reached skill level 10 in Fighting
 18655 | Lair:4   | Identified the +3 flail "Botoudgh" {flame, *Rage rN+ Int+2}
 18843 | Lair:4   | HP: 3/110 [elephant (3)]
 18844 | Lair:4   | Slain by an elephant (4 damage)
 19310 | Lair:5   | Entered Level 5 of the Lair of Beasts
 19339 | Lair:5   | HP: 4/110 [ten-headed hydra (5)]
 19339 | Lair:5   | Slain by a ten-headed hydra (5 damage)
 19343 | Lair:5   | Slain by a 14-headed hydra (4 damage)
 19351 | Lair:5   | HP: 5/110 [19-headed hydra (3)]
 19351 | Lair:5   | Mangled by a 19-headed hydra (13 damage)
 19354 | Lair:5   | Slain by a 19-headed hydra (7 damage)
 19413 | Lair:5   | HP: 5/110 [poisoned by a black mamba]
 19413 | Lair:5   | HP: 2/110 [death yak (1)]
 19414 | Lair:5   | Succumbed to a black mamba's poison
 19419 | Lair:5   | Slain by a death yak (21 damage)
 19424 | Lair:5   | HP: 3/111 [death yak (12)]
 19424 | Lair:5   | HP: 1/111 [yak (2)]
 19425 | Lair:5   | Succumbed to a black mamba's poison
 19430 | Lair:5   | Reached skill level 14 in Axes
 19453 | Lair:5   | HP: 3/111 [poisoned by a water moccasin]
 19454 | Lair:5   | Succumbed to a water moccasin's poison
 19468 | Lair:5   | Found a staircase to the Slime Pits.
 19593 | Lair:5   | HP: 2/111 [catoblepas (6)]
 19596 | Lair:5   | Slain by a catoblepas (4 damage)
                  | ... while petrified by a catoblepas
 19710 | Lair:5   | Reached XP level 15. HP: 31/117 MP: 25/25
 19712 | Lair:5   | Slain by a death yak (10 damage)
 19724 | Lair:5   | HP: 4/117 [death yak (17)]
 19725 | Lair:5   | Mangled by a death yak (14 damage)
 19732 | Lair:5   | HP: 5/117 [death yak (9)]
 19732 | Lair:5   | Slain by a death yak (9 damage)
 19750 | Lair:5   | HP: 4/117 [death yak (12)]
 19756 | Lair:5   | Slain by a yak (8 damage)
 20387 | Lair:5   | Reached skill level 10 in Stealth
 20397 | Lair:5   | Slain by a death yak (12 damage)
 20405 | Lair:5   | Reached skill level 5 in Long Blades
 21059 | Lair:5   | Reached skill level 15 in Axes
 21611 | Shoals:1 | Entered Level 1 of the Shoals
 21611 | Shoals:1 | Found a shimmering altar of Xom.
 21631 | Shoals:1 | Succumbed to a sea snake's poison
 21637 | Shoals:1 | Killed by the raging water
                  | ... invoked by a water nymph
                  | (20 damage)
 21643 | Shoals:1 | Killed by the raging water
                  | ... invoked by a water nymph
                  | (22 damage)
 21651 | Shoals:1 | HP: 4/118 [water nymph (8)]
 21651 | Shoals:1 | Drowned by a water nymph (11 damage)
 21804 | Shoals:1 | Noticed Josephine
 21822 | Shoals:1 | Killed Josephine
 23459 | Shoals:2 | Killed by the raging water
                  | ... invoked by a water nymph
                  | (13 damage)
 23472 | Shoals:2 | Killed by the raging water
                  | ... invoked by a water nymph
                  | (19 damage)
 23803 | Shoals:2 | Found Vosmeat's Overcharged Wands.
 23829 | Shoals:2 | HP: 1/117 [merfolk aquamancer/torrent of water (39)]
 23830 | Shoals:2 | Drowned by a water elemental (6 damage)
                  | ... led by a merfolk aquamancer
 23835 | Shoals:2 | Killed from afar by a merfolk aquamancer (21 damage)
                  | ... with a torrent of water
 23841 | Shoals:2 | HP: 3/117 [wind drake/the air (9)]
 23842 | Shoals:2 | Mangled by a merfolk
                  | ... wielding a +0 trident
                  | ... led by a merfolk aquamancer
                  | (10 damage)
 23849 | Shoals:2 | HP: 5/117 [merfolk/+0 trident (5)]
 23849 | Shoals:2 | Mangled by a snapping turtle (11 damage)
 23857 | Shoals:2 | HP: 1/118 [snapping turtle (19)]
 23858 | Shoals:2 | Killed by the air
                  | ... invoked by a wind drake
                  | (13 damage)
 23870 | Shoals:2 | Collided with some deep water (14 damage)
                  | ... caused by a wind drake
 23879 | Shoals:2 | HP: 5/119 [merfolk/+0 trident[a merfolk aquamancer] (12)]
 23880 | Shoals:2 | Slain by a merfolk
                  | ... wielding a +0 trident
                  | ... led by a merfolk aquamancer
                  | (7 damage)
 23894 | Shoals:2 | HP: 1/119 [snapping turtle (19)]
 23895 | Shoals:2 | Succumbed to a sea snake's poison
 23902 | Shoals:2 | HP: 4/119 [poisoned by a sea snake]
 23903 | Shoals:2 | HP: 1/119 [poisoned by a sea snake]
 23904 | Shoals:2 | Succumbed to a sea snake's poison
 23909 | Shoals:2 | HP: 5/119 [snapping turtle (8)]
 23912 | Shoals:2 | Slain by a snapping turtle (5 damage)
 23928 | Shoals:2 | Mangled by a snapping turtle (14 damage)
 23949 | Shoals:2 | HP: 5/119 [harpy (7)]
 23950 | Shoals:2 | Slain by a harpy (6 damage)
 23956 | Shoals:2 | Killed by an exploding harpy (22 damage)
                  | ... ignited by their inner flame
 23957 | Shoals:2 | Reached XP level 16. HP: 84/126 MP: 27/27
 23959 | Shoals:2 | Engulfed by a cloud of flame (24 damage)
 24411 | Shoals:2 | Succumbed to a sea snake's poison
 24418 | Shoals:2 | HP: 6/126 [satyr/arrow (21)]
 24419 | Shoals:2 | HP: 2/126 [poisoned by a sea snake]
 24420 | Shoals:2 | Succumbed to a sea snake's poison
 24443 | Shoals:2 | HP: 6/126 [rock wall collision (9)]
 24848 | Shoals:2 | HP: 6/126 [snapping turtle (11)]
 24855 | Shoals:2 | HP: 4/126 [snapping turtle (5)]
 24860 | Shoals:2 | HP: 5/126 [snapping turtle (1)]
 24861 | Shoals:2 | Mangled by a snapping turtle (18 damage)
 25327 | Shoals:3 | Identified the +4 leather armour of the Spheres {rN+ Int+3
                  | Stlth+}
 25765 | Shoals:3 | Succumbed to a sea snake's poison
 25771 | Shoals:3 | HP: 5/126 [poisoned by a sea snake]
 25772 | Shoals:3 | Succumbed to a sea snake's poison
 26719 | Shoals:3 | Found Maot Imotergh's Antique Armour Emporium.
 27203 | Shoals:3 | Slain by a harpy

Illustrated notes

Levels and vault maps discovered:
D:1:      amcnicky_arrival_blooded_trapdoor, layout_basic, minivault_11
D:2:      layout_loops_ring
D:3:      layout_basic, lemuel_zombie_altar_yredelemnul
D:4:      layout_layer_cave, mainiacjoe_overflow_catwalk_spiral, temple_statues
D:5:      layout_loops_ring, cheibriados_altar_1, minmay_crystal_room,
          abandoned_shop
D:6:      layout_loops_ring, minmay_misc_feat_doors
D:7:      layout_gridville, minmay_misc_feat_room
D:8:      layout_rooms
D:9:      layout_stronghold, nicolae_overflow_quartered_altars,
          zombieorc2_lemuel, disabler_island
D:10:     layout_roguey
D:11:     layout_basic, lair_entry_dummy, serial_shops, shop_statue
Temple:   nicolae_temple_bog_church
Lair:1:   layout_chaotic_city, hangedman_tree_tricks, grunt_megastairs_5
Lair:2:   layout_chaotic_city
Lair:3:   layout_gridlike, minmay_shoals_entry_hut, dummy_spider_entry, pond,
          grunt_megastairs_3, uniq_sonja
Lair:4:   layout_hall_layers, serial_bayou_shore_b
Lair:5:   evilmike_catoblepas_cave, layout_gridlike, slime_entry_1,
          roderic_batcave, grunt_megastairs_2, lemuel_fruit_fields
Shoals:1: layout_shoals, nicolae_shoals_square_sea_wall, lemuel_oklob_altar,
          uniq_josephine
Shoals:2: layout_shoals, nicolae_shop_overcharged_wands
Shoals:3: layout_shoals, nicolae_shoals_c_island
Orc:1:    layout_caves, minmay_shop_enchanted_jewellery,
          nicolae_orc_pool_cavern, bh_open_orc_temple
Orc:2:    st_orc_mages, layout_diamond_mine, serial_shops, shop, uniq_urug

Skill      XL: |  1  2  3  4  5  6  7  8  9 10 11 12 13 14 15 16 |
---------------+-------------------------------------------------+-----
Axes           | 3 4 5 6 8 9 10 11 13 14 15 | 15.7
Armour         | 4 5 6 8 9 10 11 12 13 | 13.7
Stealth        | 1 2 3 4 6 7 8 9 10 | 10.8
Fighting       | 4 5 6 7 8 9 10 11 | 11.8
Throwing       | 1 2 3 4 5 6 7 8 |  8.6
Spellcasting   | 1 2 3 4 5 6 7 8 |  8.2
Shields        | 5 6 7 8 9 10 11 | 11.9
Long Blades    | 1 3 4 5 6 |  6.0
Dodging        | |  0.4

Action                     |  1- 3 |  4- 6 |  7- 9 | 10-12 | 13-15 | 16-18 || total
---------------------------+-------+-------+-------+-------+-------+-------++-------
  Melee: War axe           |    83 |   183 |   259 |   550 |    40 |       ||  1115
         Battleaxe         |       |       |       |    78 |  1071 |   249 ||  1398
Ability: Dig               |       |       |       |    10 |     1 |       ||    11
    Use: Scroll            |       |     1 |    11 |     5 |     5 |     3 ||    25
 Armour: Scale mail        |    52 |    68 |       |       |       |       ||   120
         Chain mail        |       |    50 |   314 |   279 |       |       ||   643
         Plate armour      |       |       |       |   692 |  1891 |   409 ||  2992
  Dodge: Dodged            |    39 |    74 |   149 |   300 |  1148 |   270 ||  1980
  Block: Buckler           |    19 |    45 |   107 |   256 |   597 |   151 ||  1175

Table legend: (Time is in decaauts)
 A = Elapsed time spent in this place.
 B = Non-inter-level travel time spent in this place.
 C = Inter-level travel time spent in this place.
 D = Time resting spent in this place.
 E = Time spent auto-exploring this place.
 F = Levels seen in this place.
 G = Mean time per level.
                   A        B        C        D        E       F      G
               +--------+--------+--------+--------+--------+-----+--------+
         Total |  27601 |  26624 |    977 |   1914 |  19662 |  22 | 1254.6 |
       Dungeon |  11710 |  11140 |    570 |    537 |   8750 |  11 | 1064.5 |
        Temple |     37 |     37 |      0 |      0 |      0 |   1 |   37.0 |
          Lair |   7879 |   7603 |    276 |    431 |   5566 |   5 | 1575.8 |
        Shoals |   5762 |   5704 |     58 |    663 |   4114 |   3 | 1920.7 |
  Orcish Mines |   2211 |   2139 |     72 |    283 |   1232 |   2 | 1105.5 |
               +--------+--------+--------+--------+--------+-----+--------+

Top non-repeatable levels by time:
  Lair:5: 2226 daAuts
Shoals:3: 2090 daAuts
Shoals:1: 1875 daAuts
Shoals:2: 1796 daAuts
  Lair:3: 1792 daAuts
     D:9: 1568 daAuts
  Lair:1: 1522 daAuts
    D:10: 1404 daAuts
     D:5: 1215 daAuts
     D:4: 1208 daAuts
  Lair:2: 1185 daAuts
    D:11: 1178 daAuts
  Lair:4: 1151 daAuts
   Orc:1: 1112 daAuts
     D:3: 1103 daAuts
